[Event "*** Titled Tuesday Blitz"]
[Site "Chess.com"]
[Date "2021.03.30"]
[Round "5"]
[White "Schwarzschidl"]
[Black "Supernotar"]
[Result "0-1"]
[WhiteElo "2485"]
[BlackElo "2707"]
[TimeControl "180+1"]
[EndTime "10:50:53 PDT"]
[Termination "Supernotar won by resignation"]

1. e4 c6 2. c4 d5 3. exd5 cxd5 4. d4 Nf6 5. Nc3 e6 6. Nf3 Be7 7. Be2 dxc4 8. O-O O-O 9. Bxc4 Nc6 10. Bg5 Nd5 11.
Bxe7 Ncxe7 12. Rc1 b6 13. Ne5 Bb7 14. Qe2 Rc8 15. Nxd5 Nxd5 16. f4 b5 17. Bxd5 Qxd5 18. Rcd1 Qxa2 19. Rf3 Bxf3 20. Qxf3 Qxb2 21. d5 exd5 22.
Qxd5 Rc1 23. h3 Qb1 24. Rxc1 Qxc1+ 25. Kh2 Qxf4+ 0-1

[Event "*** Titled Tuesday Blitz"]
[Site "Chess.com"]
[Date "2021.03.30"]
[Round "5"]
[White "MalyDominator"]
[Black "kamilianin235"]
[Result "1-0"]
[WhiteElo "2492"]
[BlackElo "2266"]
[TimeControl "180+1"]
[EndTime "10:50:53 PDT"]
[Termination "MalyDominator won by checkmate"]

1. e4 c5 2. Nf3 d6 3. d4 cxd4 4. Nxd4 Nf6 5. Nc3 Nc6 6. Bg5 Qb6 7. Be3 Ng4 8. Nd5 Qd8 9. Nb5 Nxe3 10. fxe3 Rb8 11.
Nbc7+ Kd7 12. Qf3 Ne5 13. Bb5+ Nc6 14. Qf5+ e6 15. Qxf7+ Be7 16. Qxe6# 1-0

[Event "*** Titled Tuesday Blitz"]
[Site "Chess.com"]
[Date "2021.03.30"]
[Round "5"]
[White "bolence16"]
[Black "Brave_spirit12"]
[Result "1-0"]
[WhiteElo "2433"]
[BlackElo "2548"]
[TimeControl "180+1"]
[EndTime "10:51:02 PDT"]
[Termination "bolence16 won by checkmate"]

1. e4 e6 2. d4 d5 3. e5 c5 4. c3 Nc6 5. Nf3 Qb6 6. a3 f6 7. Bd3 c4 8. Bc2 fxe5 9. Nxe5 Nxe5 10. dxe5 g6 11. O-O Bg7 12. Be3 Qxb2 13. Ba4+ b5 14. Bc1 Qxa1 15. Bxb5+ Kd8 16. Qa4 Ne7 17. Qa5# 1-0

[Event "*** Titled Tuesday Blitz"]
[Site "Chess.com"]
[Date "2021.03.30"]
[Round "5"]
[White "Myshakov_Fedor"]
[Black "Shahaliyev"]
[Result "1-0"]
[WhiteElo "2378"]
[BlackElo "2622"]
[TimeControl "180+1"]
[EndTime "10:51:04 PDT"]
[Termination "Myshakov_Fedor won by resignation"]

1. c4 d6 2. Nc3 Nf6 3. Nf3 e5 4. d4 exd4 5. Nxd4 Nc6 6. Nxc6 bxc6 7. g3 Be7 8. Bg2 Bd7 9. O-O O-O 10. Qa4 Re8 11.
Bxc6 Bxc6 12. Qxc6 Bf8 13. Bg5 Re5 14. Ne4 Rb8 15.
Nxf6+ gxf6 16. Be3 Rxb2 17. Bd4 Rbxe2 18. Bxe5 fxe5 19.
Rab1 Rxa2 20. Rb7 a5 21. Rxc7 Rc2 22. Rc8 Qe7 23. Qa8 e4 24. Re8 1-0

[Event "*** Titled Tuesday Blitz"]
[Site "Chess.com"]
[Date "2021.03.30"]
[Round "5"]
[White "ARMQUEEN"]
[Black "annacramling"]
[Result "1-0"]
[WhiteElo "2305"]
[BlackElo "2080"]
[TimeControl "180+1"]
[EndTime "10:51:06 PDT"]
[Termination "ARMQUEEN won by resignation"]

1. e4 c5 2. Nc3 Nc6 3. Bb5 a6 4. Bxc6 dxc6 5. d3 e5 6. Be3 Nf6 7. h3 Be7 8. Qd2 O-O 9. Nge2 Be6 10. O-O Qc7 11. f4 Nd7 12. f5 Bxf5 13. exf5 Rad8 14. Ng3 c4 15. Nge4 cxd3 16. cxd3 c5 17. Nd5 Qd6 18. Nxd6 1-0

[Event "*** Titled Tuesday Blitz"]
[Site "Chess.com"]
[Date "2021.03.30"]
[Round "5"]
[White "Nikolakis2014"]
[Black "Shield12"]
[Result "0-1"]
[WhiteElo "2608"]
[BlackElo "2811"]
[TimeControl "180+1"]
[EndTime "10:51:23 PDT"]
[Termination "Shield12 won by resignation"]

1. Nf3 c5 2. c4 g6 3. d4 cxd4 4.
Nxd4 Bg7 5. e4 Nc6 6. Be3 Nf6 7.
Nc3 O-O 8. Be2 d6 9. O-O Bd7 10. h3 Rc8 11. b3 Qa5 12. Qc2 a6 13. Nxc6 Bxc6 14. a4 Nd7 15. Rfc1 Nc5 16. Bd2 Qb6 17. Ra3 Bxc3 18. Bxc3 Nxe4 19. Be1 a5 20. Raa1 Nc5 21. Bd1 Be4 22. Qc3 Nd3 23. Bc2 Nxc1 24. Rxc1 Bxc2 25.
Rxc2 Rc5 0-1

[Event "*** Titled Tuesday Blitz"]
[Site "Chess.com"]
[Date "2021.03.30"]
[Round "5"]
[White "FontVella8"]
[Black "svilson23"]
[Result "1-0"]
[WhiteElo "2467"]
[BlackElo "2259"]
[TimeControl "180+1"]
[EndTime "10:51:44 PDT"]
[Termination "FontVella8 won by resignation"]

1. d4 d5 2. Bf4 e6 3. Nf3 c5 4. e3 Nf6 5. c3 Nc6 6. Nbd2 Bd6 7. Bg3 Bxg3 8. hxg3 Bd7 9. Bd3 c4 10. Bc2 b5 11. e4 b4 12. exd5 bxc3 13. bxc3 exd5 14. O-O O-O 15. Re1 Qa5 16. Ne5 Qxc3 17. Ndf3 h6 18.
Nxc6 Bxc6 19. Ne5 Rac8 20. Rc1 Qa3 21. Bb1 Ba4 22. Qf3 Ne4 23. Qxa3 1-0

[Event "*** Titled Tuesday Blitz"]
[Site "Chess.com"]
[Date "2021.03.30"]
[Round "5"]
[White "ChessFunMaker"]
[Black "gui_borba"]
[Result "0-1"]
[WhiteElo "2238"]
[BlackElo "2436"]
[TimeControl "180+1"]
[EndTime "10:51:50 PDT"]
[Termination "gui_borba won by checkmate"]

1. c4 Nf6 2. g3 e5 3. Bg2 d5 4. cxd5 Nxd5 5. Nf3 Nc6 6. O-O Be7 7. d4 exd4 8. Nxd4 Nxd4 9. Qxd4 Nf6 10. Qa4+ c6 11.
Rd1 Qb6 12. Nc3 O-O 13. Qc2 Ng4 14. e4 Nxf2 15. Na4 Nh3+ 16. Kh1 Qf2 17. Bd2 Qg1+ 18.
Rxg1 Nf2# 0-1

[Event "*** Titled Tuesday Blitz"]
[Site "Chess.com"]
[Date "2021.03.30"]
[Round "5"]
[White "kingofthenil"]
[Black "Rakesh"]
[Result "0-1"]
[WhiteElo "2726"]
[BlackElo "2491"]
[TimeControl "180+1"]
[EndTime "10:52:01 PDT"]
[Termination "Rakesh won by resignation"]

1. e4 c5 2. d3 Nc6 3. g3 g6 4. Bg2 Bg7 5. f4 d5 6. exd5 Nb4 7. Nf3 Nxd5 8. O-O Ngf6 9. Na3 O-O 10. Nc4 Bg4 11. h3 Bxf3 12. Qxf3 Rc8 13. a4 Nb4 14.
Rf2 b6 15. c3 Nc6 16. Bd2 Qd7 17. Be1 Rfd8 18. Rd2 Nd5 19. Bf2 e6 20. Kh1 Nde7 21.
Re1 Nf5 22. g4 Nd6 23. Ne3 Ne7 24. Ra1 Qc7 25. Bh4 Rf8 26. a5 bxa5 27. Qb7 Nxb7 28. Bxb7 Qxb7+ 0-1

[Event "*** Titled Tuesday Blitz"]
[Site "Chess.com"]
[Date "2021.03.30"]
[Round "5"]
[White "mamonika"]
[Black "slowdgehammer"]
[Result "0-1"]
[WhiteElo "2052"]
[BlackElo "2373"]
[TimeControl "180+1"]
[EndTime "10:52:09 PDT"]
[Termination "slowdgehammer won by resignation"]

1. e4 c5 2. Nf3 e6 3. d4 cxd4 4. Nxd4 Nf6 5. Nc3 Nc6 6. Be2 Bb4 7. f3 d5 8. Nxc6 bxc6 9. e5 Nd7 10. Bf4 Qa5 11.
Qd3 Nc5 12. Qe3 Na4 13. a3 Nxb2 0-1

[Event "*** Titled Tuesday Blitz"]
[Site "Chess.com"]
[Date "2021.03.30"]
[Round "5"]
[White "FeketeBarika"]
[Black "ukchessbomber"]
[Result "1-0"]
[WhiteElo "2308"]
[BlackElo "2479"]
[TimeControl "180+1"]
[EndTime "10:52:12 PDT"]
[Termination "FeketeBarika won by checkmate"]

1. Nf3 g6 2. g3 Bg7 3. Bg2 Nf6 4. O-O O-O 5. c4 b6 6. Nc3 Bb7 7. b3 d5 8. cxd5 Nxd5 9. Bb2 Bd4 10. Nxd4 Nxc3 11.
dxc3 Bxg2 12. Kxg2 Qd5+ 13. Nf3 Qb7 14. c4 f6 15.
Qd5+ Qxd5 16. cxd5 Rd8 17. e4 Nd7 18. b4 a5 19. a3 Kf7 20. Rfc1 Ra7 21. Nd4 Ne5 22. Ne6 Rda8 23. Bxe5 fxe5 24. Nxc7 Rd8 25. Ne6 Rda8 26. b5 a4 27. Rc6 Ra5 28. Rxb6 Rc8 29. Rc6 Rb8 30.
b6 Rb5 31. Ng5+ Kg7 32. Rc7 h6 33. Ne6+ Kf6 34. Ra7 R8xb6 35. Rxa4 Rb2 36. Ra8 g5 37. Rf8+ Kg6 38. h4 Re2 39. Rh1 g4 40. h5+ Kh7 41.
Rf7+ Kg8 42. Rg7+ Kh8 43. Rxe7 Rbb2 44. Rf7 Kg8 45. Rf6 Kh7 46. Rc1 Ra2 47. Rc7+ Kg8 48. Rf8# 1-0

[Event "*** Titled Tuesday Blitz"]
[Site "Chess.com"]
[Date "2021.03.30"]
[Round "5"]
[White "xozr"]
[Black "Yaryi_sergey"]
[Result "0-1"]
[WhiteElo "2331"]
[BlackElo "2511"]
[TimeControl "180+1"]
[EndTime "10:52:15 PDT"]
[Termination "Yaryi_sergey won by resignation"]

1. e4 c6 2. Nc3 g6 3. Nf3 Bg7 4. d4 Na6 5. Bxa6 bxa6 6. O-O d6 7.
h3 Nf6 8. Be3 Kf8 9. Qd2 h6 10.
Rad1 Kg8 11. e5 Nd5 12. Ne4 Kh7 13. c4 Nxe3 14. Qxe3 Bf5 15. Ng3 Be6 16. d5 cxd5 17.
cxd5 Bd7 18. e6 Bb5 19. Rfe1 f5 20. Nd4 Rf8 21. Nxb5 f4 22. Qe4 fxg3 23. fxg3 axb5 24. g4 Qb6+ 25. Kh2 Qf2 26. Qe3 Qxe3 27. Rxe3 Bxb2 28. Rb3 Be5+ 29. Kg1 a6 30. a4 bxa4 31. Ra3 a5 32. Rxa4 Bc3 33. Rd3 Bb4 34. h4 Rac8 35. h5 Rc4 36. hxg6+ Kxg6 37. Rg3 Bc5+ 0-1

[Event "*** Titled Tuesday Blitz"]
[Site "Chess.com"]
[Date "2021.03.30"]
[Round "5"]
[White "jefferyx"]
[Black "MaevskiyNikolay"]
[Result "1-0"]
[WhiteElo "2971"]
[BlackElo "2528"]
[TimeControl "180+1"]
[EndTime "10:52:21 PDT"]
[Termination "jefferyx won by resignation"]

1. e4 c6 2. d4 d5 3. f3 e6 4. Nc3 Bb4 5. Bf4 Ne7 6. h4 b6 7.
h5 h6 8. Qd2 Ba6 9. Bxa6 Nxa6 10. Nge2 Rc8 11. a3 Bxc3 12. Nxc3 Qd7 13. Rh3 c5 14.
Rg3 Kf8 15. O-O-O dxe4 16. fxe4 cxd4 17. Be5 f6 18. Qf4 Ng8 19. Rxd4 Qf7 20. Bd6+ Ke8 21. Qg4 Rd8 22. Nb5 Rd7 23. Rc4 Kd8 24. Rgc3 Ne7 25. e5 fxe5 26. b3 Nc5 27. Bxc5 bxc5 28. Rxc5 Qf4+ 29.
Qxf4 exf4 30. Nc7 Nd5 31. Nxd5 exd5 32. Rc8+ 1-0

[Event "*** Titled Tuesday Blitz"]
[Site "Chess.com"]
[Date "2021.03.30"]
[Round "5"]
[White "Cambek64"]
[Black "Legendinunknown"]
[Result "1-0"]
[WhiteElo "2458"]
[BlackElo "2585"]
[TimeControl "180+1"]
[EndTime "10:52:26 PDT"]
[Termination "Cambek64 won by resignation"]

1. e4 c5 2. c3 Nf6 3. e5 Nd5 4. d4 cxd4 5. cxd4 Nc6 6. Nc3 Nxc3 7. bxc3 d6 8. f4 dxe5 9. fxe5 g6 10. Nf3 Bg7 11. Bc4 O-O 12. O-O e6 13. Ng5 Bd7 14.
Ne4 Na5 15. Bg5 Qc7 16. Bd3 Bc6 17. Nf6+ Kh8 18. Qg4 Bb5 19. Qh4 h5 20. Nxh5 1-0

[Event "*** Titled Tuesday Blitz"]
[Site "Chess.com"]
[Date "2021.03.30"]
[Round "5"]
[White "niki_2003"]
[Black "monikarozman"]
[Result "0-1"]
[WhiteElo "2036"]
[BlackElo "2248"]
[TimeControl "180+1"]
[EndTime "10:52:34 PDT"]
[Termination "monikarozman won by resignation"]

1. e4 c5 2. Nf3 Nc6 3. d4 cxd4 4. Nxd4 Nf6 5. Nc3 e5 6. Ndb5 d6 7. Bg5 a6 8. Na3 b5 9. Bxf6 gxf6 10. Nd5 f5 11. Bxb5 axb5 12. Nxb5 Ra4 13. Nbc7+ Kd7 14. Nb6+ Kxc7 15. Nxa4 Ba6 16. exf5 Rg8 17. Qf3 Nd4 18.
Qc3+ Kb8 19. Qb4+ Ka7 20. O-O-O d5 21. Qc3 Ne2+ 22. Kb1 Nxc3+ 23. Nxc3 d4 24. Ne4 Qb6 0-1

[Event "*** Titled Tuesday Blitz"]
[Site "Chess.com"]
[Date "2021.03.30"]
[Round "5"]
[White "c_r_e_e_p_e_r"]
[Black "mr65"]
[Result "1-0"]
[WhiteElo "2377"]
[BlackElo "2106"]
[TimeControl "180+1"]
[EndTime "10:52:35 PDT"]
[Termination "c_r_e_e_p_e_r won by resignation"]

1. d4 Nf6 2. c4 g6 3. g3 Bg7 4. Bg2 O-O 5. Nf3 d6 6. O-O Nc6 7. d5 Na5 8. Nfd2 c5 9. Nc3 a6 10. Qc2 Rb8 11. Rb1 b5 12. b3 Bf5 13. e4 Bg4 14. h3 Bd7 15. Bb2 Nh5 16. Kh2 e6 17. f4 bxc4 18. bxc4 exd5 19. cxd5 f5 20. Ba1 Rxb1 21. Rxb1 fxe4 22. Ncxe4 Bxa1 23. Rxa1 Qe7 24. Re1 Bf5 25. Qc3 Bxe4 26. Qxa5 Qf7 27. Nxe4 Qxd5 28. Nf6+ Nxf6 29. Bxd5+ 1-0

[Event "*** Titled Tuesday Blitz"]
[Site "Chess.com"]
[Date "2021.03.30"]
[Round "5"]
[White "Kretov_Evgenij"]
[Black "grandcoach"]
[Result "1-0"]
[WhiteElo "2556"]
[BlackElo "2271"]
[TimeControl "180+1"]
[EndTime "10:52:35 PDT"]
[Termination "Kretov_Evgenij won by checkmate"]

1. d4 Nf6 2. c4 e6 3. Nc3 Bb4 4. Bg5 c5 5. d5 h6 6. Bh4 Qa5 7. Bxf6 gxf6 8. Qc2 Bxc3+ 9. bxc3 d6 10. e3 Bd7 11.
Nf3 Ba4 12. Qb2 Nd7 13. Be2 Rg8 14. O-O O-O-O 15. Nd2 f5 16. Rab1 Qc7 17. Qa3 Nb6 18. Rxb6 Qxb6 19. Qxa4 Qb2 20. Rb1 Qxd2 21. Qxa7 Kd7 22.
Rxb7+ Ke8 23. Re7+ Kf8 24. Rxf7+ Ke8 25. Qe7# 1-0

[Event "*** Titled Tuesday Blitz"]
[Site "Chess.com"]
[Date "2021.03.30"]
[Round "5"]
[White "chessprincesa1"]
[Black "WiktoriaPOL"]
[Result "1-0"]
[WhiteElo "2253"]
[BlackElo "2046"]
[TimeControl "180+1"]
[EndTime "10:52:37 PDT"]
[Termination "chessprincesa1 won by resignation"]

1. d4 d5 2. c4 e5 3. dxe5 d4 4. Nf3 c5 5. g3 Nc6 6. Bg2 Nge7 7. Bg5 h6 8. Bf4 Ng6 9. Nbd2 Be7 10. Ne4 Be6 11. Rc1 Qc7 12. Qa4 O-O 13. O-O Ncxe5 14. Nxe5 Nxe5 15. Qb3 g5 16. Bxe5 Qxe5 17. Qxb7 Rfb8 18.
Qxe7 Kg7 19. Nd6 Rb6 20. Nxf7 Qf5 21. Nd6+ 1-0

[Event "*** Titled Tuesday Blitz"]
[Site "Chess.com"]
[Date "2021.03.30"]
[Round "5"]
[White "paulrusan"]
[Black "canary2016"]
[Result "1-0"]
[WhiteElo "2303"]
[BlackElo "2018"]
[TimeControl "180+1"]
[EndTime "10:52:46 PDT"]
[Termination "paulrusan won by checkmate"]

1. e4 c6 2. d4 d5 3. f3 Qb6 4.
Nc3 e6 5. a3 dxe4 6. fxe4 e5 7.
Nf3 exd4 8. Nxd4 Nf6 9. e5 Nfd7 10. e6 fxe6 11. Nxe6 Bc5 12. Nxg7+ Kf7 13. Qh5+ Kxg7 14.
Bh6+ Kf6 15. Ne4+ Ke7 16. Bg5+ Ke6 17. Bc4+ Ke5 18. Bd8+ Kxe4 19. Qg4+ Ke5 20. Qe2+ Kf5 21. Rf1+ Kg6 22. Qg4+ Kh6 23. Qg5# 1-0

[Event "*** Titled Tuesday Blitz"]
[Site "Chess.com"]
[Date "2021.03.30"]
[Round "5"]
[White "ajdemipopushi"]
[Black "beto-betun"]
[Result "1-0"]
[WhiteElo "2345"]
[BlackElo "2214"]
[TimeControl "180+1"]
[EndTime "10:52:50 PDT"]
[Termination "ajdemipopushi won by resignation"]

1. Nf3 Nf6 2. g3 g6 3. c4 Bg7 4. d4 O-O 5. Nc3 d6 6. Bg2 c6 7. O-O Bg4 8. b3 Qa5 9. Bb2 Qh5 10. Qd3 Na6 11. a3 Nc7 12. e4 Nd7 13. Nh4 c5 14. f3 cxd4 15. fxg4 Qxg4 16. Nd5 Nxd5 17. exd5 Ne5 18. Qd2 Qf5 19. Nxf5 1-0

[Event "*** Titled Tuesday Blitz"]
[Site "Chess.com"]
[Date "2021.03.30"]
[Round "5"]
[White "VladimirBugayev"]
[Black "Kozok"]
[Result "0-1"]
[WhiteElo "2294"]
[BlackElo "2496"]
[TimeControl "180+1"]
[EndTime "10:53:02 PDT"]
[Termination "Kozok won by resignation"]

1. e4 c5 2. Nc3 a6 3. g3 b5 4. Bg2 Bb7 5. d3 b4 6. Nce2 e6 7. c4 Nc6 8. Nh3 Nd4 9. Nxd4 cxd4 10. Nf4 Ne7 11. O-O Nc6 12. b3 Bc5 13. Qg4 Qe7 14.
Bb2 O-O-O 15. Qxg7 h5 16. Ne2 Rdg8 0-1

[Event "*** Titled Tuesday Blitz"]
[Site "Chess.com"]
[Date "2021.03.30"]
[Round "5"]
[White "Eltaj_Safarli"]
[Black "Hikaru"]
[Result "0-1"]
[WhiteElo "2865"]
[BlackElo "3213"]
[TimeControl "180+1"]
[EndTime "10:53:04 PDT"]
[Termination "Hikaru won by resignation"]

1. e4 d5 2. exd5 Qxd5 3. Nc3 Qa5 4. g3 c6 5. Bg2 Nf6 6. Nge2 Bf5 7. b4 Qc7 8. Rb1 a6 9. a4 e5 10. b5 Bd6 11. O-O O-O 12. d3 axb5 13. axb5 Nbd7 14. h3 Be6 15. f4 exf4 16. Bxf4 Rfe8 17. Kh2 Rad8 18. bxc6 bxc6 19. Nd4 Bxf4 20. Rxf4 Ne5 21. Nxe6 Rxe6 22. Qd2 Nh5 23. Rfb4 0-1

[Event "*** Titled Tuesday Blitz"]
[Site "Chess.com"]
[Date "2021.03.30"]
[Round "5"]
[White "dropstoneDP"]
[Black "As0nchess"]
[Result "1-0"]
[WhiteElo "2939"]
[BlackElo "2629"]
[TimeControl "180+1"]
[EndTime "10:53:09 PDT"]
[Termination "dropstoneDP won by resignation"]

1. e4 c5 2. Nf3 d6 3. d4 cxd4 4. Nxd4 Nf6 5. Nc3 Nc6 6. Be3 Ng4 7. Bb5 Bd7 8. Nxc6 bxc6 9. Bxc6 Nxe3 10. Bxd7+ Qxd7 11. fxe3 g6 12. Qd4 f6 13. O-O Bh6 14. Qc4 Bxe3+ 15.
Kh1 Rc8 16. Qb3 Kf8 17. Rad1 Kg7 18. e5 f5 19. exd6 e6 20. Nd5 Bc5 21. Qc3+ Kh6 22. Rd3 exd5 23. Qf6 f4 24. Rxf4 Bf2 25. g4 Bh4 26. Rh3 1-0

[Event "*** Titled Tuesday Blitz"]
[Site "Chess.com"]
[Date "2021.03.30"]
[Round "5"]
[White "OlifantCZ"]
[Black "suneebaker"]
[Result "0-1"]
[WhiteElo "2298"]
[BlackElo "2138"]
[TimeControl "180+1"]
[EndTime "10:53:10 PDT"]
[Termination "suneebaker won by resignation"]

1. c4 e6 2. g3 f5 3. Bg2 Nf6 4. Nc3 Be7 5. e3 O-O 6. Nge2 d6 7. O-O c6 8. d4 e5 9. d5 c5 10. e4 fxe4 11. Nxe4 Nxe4 12. Bxe4 Bh3 13. Bg2 Bxg2 14. Kxg2 Nd7 15. f3 Nf6 16. Nc3 Qd7 17. Bg5 Nh5 18. Be3 Rf7 19. Ne4 Raf8 20. Qe2 a6 21. b3 b5 22. a4 b4 23. Rf2 h6 24. Raf1 g5 25.
g4 Nf4+ 26. Bxf4 exf4 27. Qd3 Bf6 28. Re2 Be5 29. h4 Rg7 30. Rh1 h5 31. hxg5 hxg4 32. Rh4 gxf3+ 33. Kxf3 Qf5 34. Reh2 Rxg5 35. Rh8+ Bxh8 36.
Nf6+ Rxf6 0-1

[Event "*** Titled Tuesday Blitz"]
[Site "Chess.com"]
[Date "2021.03.30"]
[Round "5"]
[White "mishanick"]
[Black "Federtiu"]
[Result "0-1"]
[WhiteElo "2952"]
[BlackElo "2670"]
[TimeControl "180+1"]
[EndTime "10:53:18 PDT"]
[Termination "Federtiu won by resignation"]

1. e4 g6 2. d4 Bg7 3. Nc3 d6 4. f4 a6 5. Nf3 b5 6. Bd3 Nd7 7. a4 b4 8. Ne2 a5 9. O-O Ba6 10. c4 bxc3 11. bxc3 Nb6 12. Bxa6 Rxa6 13. Qd3 Ra8 14.
d5 Nf6 15. Be3 O-O 16. Bd4 e6 17. c4 Nfd7 18. Bxg7 Kxg7 19. Qd4+ Kg8 20. Nc3 Nc5 21.
Rfb1 Qd7 22. Rb5 Rfe8 23. e5 Ra6 24. Ng5 exd5 25. cxd5 Nbxa4 26. Rxa4 Nxa4 27. Nge4 dxe5 28. fxe5 Nxc3 29. Nf6+ Rxf6 0-1

[Event "*** Titled Tuesday Blitz"]
[Site "Chess.com"]
[Date "2021.03.30"]
[Round "5"]
[White "CraiggoryC"]
[Black "KacperPolOK"]
[Result "1-0"]
[WhiteElo "2274"]
[BlackElo "2433"]
[TimeControl "180+1"]
[EndTime "10:53:19 PDT"]
[Termination "CraiggoryC won by resignation"]

1. e4 e6 2. d4 d5 3. e5 c5 4. c3 Nc6 5. Nf3 Bd7 6. Be2 f6 7. O-O fxe5 8. dxe5 Qc7 9. Re1 O-O-O 10. Bf1 h5 11. a3 Nh6 12. b4 Nf5 13. Bg5 Re8 14.
c4 d4 15. bxc5 Bxc5 16. Nbd2 Nd8 17. Ne4 Nf7 18. Bf4 Reg8 19. h4 Rd8 20. Bd3 Be7 21. c5 Bc6 22. Nd6+ Bxd6 23. exd6 Qd7 24. Bxf5 exf5 25.
Re7 Bxf3 26. Qxf3 Qb5 27. Rxf7 Rhe8 28. Rc7+ Kb8 29. d7 1-0

[Event "*** Titled Tuesday Blitz"]
[Site "Chess.com"]
[Date "2021.03.30"]
[Round "5"]
[White "StockholmMissile"]
[Black "zmeeed67"]
[Result "1-0"]
[WhiteElo "2563"]
[BlackElo "2415"]
[TimeControl "180+1"]
[EndTime "10:53:22 PDT"]
[Termination "StockholmMissile won on time"]

1. d4 d5 2. c4 e6 3. Nf3 Nf6 4.
Bg5 Be7 5. e3 O-O 6. Qc2 h6 7.
Bxf6 Bxf6 8. h4 c5 9. g4 Nc6 10. g5 Nb4 11. Qb3 hxg5 12. hxg5 Bxg5 13. dxc5 Nc6 14. Nc3 dxc4 15. Bxc4 Bh6 16. Ke2 Na5 17. Qb4 Nc6 18. Qb3 Na5 19. Qb4 Nc6 20. Qa4 Bd7 21.
Qc2 Nb4 22. Qe4 Bc6 23. Qg4 Bd5 24. Bxd5 Nxd5 25. Rxh6 Nf6 26. Qg3 1-0

[Event "*** Titled Tuesday Blitz"]
[Site "Chess.com"]
[Date "2021.03.30"]
[Round "5"]
[White "Trickster_Pony"]
[Black "petincash"]
[Result "0-1"]
[WhiteElo "1511"]
[BlackElo "2293"]
[TimeControl "180+1"]
[EndTime "10:53:25 PDT"]
[Termination "petincash won by resignation"]

1. c4 c5 2. g3 e6 3. Bg2 Nf6 4.
Nf3 d5 5. cxd5 exd5 6. O-O Nc6 7.
d4 Bg4 8. Nc3 Be7 9. dxc5 O-O 10.
Nd4 Re8 11. h3 Bh5 12. g4 Bg6 13. g5 Ne4 14. Nxe4 dxe4 15. Nxc6 bxc6 16. b4 Bxg5 17. Qxd8 Bxd8 18. Bb2 Bh5 19. Rfe1 Bh4 20. Rad1 e3 21. Bxc6 exf2+ 22. Kh1 fxe1=Q+ 23. Rxe1 Bxe1 24. Bxa8 Rxa8 0-1

[Event "*** Titled Tuesday Blitz"]
[Site "Chess.com"]
[Date "2021.03.30"]
[Round "5"]
[White "HrvojeZagreb"]
[Black "tteshan"]
[Result "1-0"]
[WhiteElo "2225"]
[BlackElo "2328"]
[TimeControl "180+1"]
[EndTime "10:53:41 PDT"]
[Termination "HrvojeZagreb won by resignation"]

1. d4 d5 2. Bf4 Nf6 3. e3 c5 4.
Nc3 Nc6 5. Nb5 e5 6. dxe5 Ne4 7. Qxd5 Qxd5 8. Nc7+ Kd8 9. Nxd5 g5 10. Bg3 Be6 11.
O-O-O Bxd5 12. Rxd5+ Kc7 13. f3 Nxg3 14. hxg3 Bg7 15.
f4 h6 16. Rxc5 b6 17. Rc3 Kb7 18. Be2 Nb4 19. Bf3+ Kb8 20. Rb3 a5 21. Bxa8 Kxa8 22. a3 Nd5 23. Nf3 g4 24. Nd4 Rd8 25. Nf5 Bf8 26.
Rd1 1-0

[Event "*** Titled Tuesday Blitz"]
[Site "Chess.com"]
[Date "2021.03.30"]
[Round "5"]
[White "MatyChess1"]
[Black "bocah_sakit"]
[Result "0-1"]
[WhiteElo "2616"]
[BlackElo "2847"]
[TimeControl "180+1"]
[EndTime "10:53:42 PDT"]
[Termination "bocah_sakit won by resignation"]

1. e4 c5 2. Nf3 Nc6 3. d4 cxd4 4. Nxd4 g6 5. c4 Nf6 6. Nc3 d6 7. Be2 Nxd4 8. Qxd4 Bg7 9. Bg5 O-O 10. Qd3 Be6 11.
O-O Qa5 12. f4 Rfc8 13. Nd5 Bxd5 14. cxd5 Nd7 15. Kh1 Nc5 16. Qe3 Bxb2 17. Rab1 Bf6 18. Bh6 Qc3 19. Qxc3 Bxc3 20. Bf3 Rab8 21. Rfc1 Nd3 22.
Rf1 b5 23. g3 b4 24. Kg2 a5 25.
Rfd1 Nc5 26. Bg5 Bf6 27. Bxf6 exf6 28. Rdc1 Nd3 29. Rd1 Rc2+ 30. Kh3 Nf2+ 31. Kh4 Nxd1 32. Rxd1 Rxh2+ 0-1

[Event "*** Titled Tuesday Blitz"]
[Site "Chess.com"]
[Date "2021.03.30"]
[Round "5"]
[White "frenchpin"]
[Black "rasmussvane"]
[Result "0-1"]
[WhiteElo "2521"]
[BlackElo "2895"]
[TimeControl "180+1"]
[EndTime "10:53:42 PDT"]
[Termination "rasmussvane won by resignation"]

1. e4 c6 2. d4 d5 3. Nc3 dxe4 4. Nxe4 Nf6 5. Nxf6+ exf6 6. c3 Bd6 7. Bd3 O-O 8. Qc2 Re8+ 9. Be3 h5 10. Ne2 Nd7 11.
O-O Nf8 12. Rae1 h4 13. h3 Be6 14. Nf4 Bd7 15. Bc4 Qc7 16. Ng6 Nxg6 17. Qxg6 Be6 18. Bxe6 Rxe6 19. Qg4 Rae8 20. Bd2 Qa5 21. Rxe6 Rxe6 22.
Re1 Rxe1+ 23. Bxe1 Qxa2 24. Qc8+ Bf8 25. Qxb7 Qb1 26.
Kf1 Qd3+ 27. Kg1 Qe2 28. Kh2 Qxe1 29. f4 Qg3+ 30. Kg1 Qxf4 31. Qxc6 Bd6 32. Qa8+ Kh7 33. Qxa7 Qe3+ 34. Kf1 Bg3 0-1

[Event "*** Titled Tuesday Blitz"]
[Site "Chess.com"]
[Date "2021.03.30"]
[Round "5"]
[White "AndrewMaco"]
[Black "EvgenyT"]
[Result "0-1"]
[WhiteElo "2625"]
[BlackElo "2916"]
[TimeControl "180+1"]
[EndTime "10:53:44 PDT"]
[Termination "EvgenyT won by resignation"]

1. e4 e6 2. d4 d5 3. Nc3 a6 4.
Nf3 Nf6 5. Bd3 c5 6. exd5 exd5 7.
O-O c4 8. Re1+ Be7 9. Bf1 Bg4 10.
h3 Bh5 11. g4 Bg6 12. Ne5 O-O 13. f4 h6 14. Nxg6 fxg6 15. Bg2 Bb4 16. Bd2 Nc6 17.
a3 Bxc3 18. Bxc3 Qd6 19. Re5 Ne4 20. Bxe4 dxe4 21. Rxe4 Rxf4 22. Qe1 Raf8 23. Rxf4 Qxf4 24. Qe2 Qg3+ 25. Qg2 Qe3+ 26. Kh1 Rf2 27. Re1 Qf4 28. Re4 Rf1+ 0-1

[Event "*** Titled Tuesday Blitz"]
[Site "Chess.com"]
[Date "2021.03.30"]
[Round "5"]
[White "superchess02"]
[Black "DrVitman"]
[Result "1/2-1/2"]
[WhiteElo "2809"]
[BlackElo "2630"]
[TimeControl "180+1"]
[EndTime "10:53:47 PDT"]
[Termination "Game drawn by agreement"]

1. b4 e5 2. Bb2 Bxb4 3. Bxe5 Nf6 4. Nf3 Nc6 5. Bb2 O-O 6. e3 d5 7. Be2 Re8 8. O-O Bf8 9. c4 b6 10. cxd5 Nxd5 11. Nc3 Bb7 12. Rc1 Nxc3 13. Bxc3 Nb4 14. Bxb4 Bxb4 15. Qb3 Bd6 16. Bb5 Re6 17. Be2 c5 18. h3 Rg6 19. d4 cxd4 20. Rfd1 dxe3 21. Qxe3 Qe8 22. Qxe8+ Rxe8 23. Kf1 a5 24. Bb5 Bxf3 25. gxf3 Rf8 26. Rc6 Bc5 27. Rc7 Rf6 28. Kg2 g6 29.
Rdd7 Kg7 30. Bc4 Bb4 31. a4 Bc5 32. Bb3 Bb4 33. Rb7 Bc5 1/2-1/2

[Event "*** Titled Tuesday Blitz"]
[Site "Chess.com"]
[Date "2021.03.30"]
[Round "5"]
[White "Walter_White_Poland"]
[Black "nrvisakh"]
[Result "0-1"]
[WhiteElo "2288"]
[BlackElo "2791"]
[TimeControl "180+1"]
[EndTime "10:53:47 PDT"]
[Termination "nrvisakh won by resignation"]

1. e4 c5 2. Nf3 Nc6 3. c3 d5 4. e5 Bg4 5. Bb5 Rc8 6. d4 e6 7. O-O Ne7 8. Bg5 Qb6 9. Na3 a6 10. Bxc6+ Nxc6 11. dxc5 Qxb2 12. Qa4 Bxf3 13. Rab1 Qxc3 14.
Rxb7 Qxe5 15. Rfb1 Qxg5 16. g3 Bxc5 0-1